 Dungeon Crawl Stone Soup version 0.27.1-37-g7b29ead8ac (console) character file.

Game seed: 3410682374635493198

46 grimtooth the Scratcher (level 3, 0/15 HPs)
             Began as a Felid Transmuter on Dec 1, 2023.
             Was an Initiate of Gozag.
             Slain by a kobold (6 damage)
             ... on level 3 of the Dungeon.
             The game lasted 00:06:38 (1585 turns).

grimtooth the Scratcher (Felid Transmuter)          Turns: 1585, Time: 00:06:38

Health: 0/15       AC:  1    Str:  6    XL:     3   Next: 46%
Magic:  6/7        EV: 17    Int: 15    God:    Gozag
Gold:   69         SH:  0    Dex: 16    Spells: 5/6 levels left
                                        Lives:  0   Deaths: 0

rFire    . . .     SeeInvis +     - Unarmed
rCold    + . .     Faith    .   (shield unavailable)
rNeg     . . .     Spirit   .   (armour unavailable)
rPois    .         Reflect  .   (helmet unavailable)
rElec    .         Harm     .   (cloak unavailable)
rCorr    .         Rampage  .   (gloves unavailable)
Will     .....                  (boots unavailable)
Stlth    +.........             (no amulet)
HPRegen  0.05/turn              a - ring of protection from cold
MPRegen  0.10/turn              c - ring of flight

@: appendages, flying, quick
A: horns 2, very small, claws 1, fangs 3, see invisible, speed 1, shaggy fur 1,
stealthy paws, no weapons or thrown items, no armour, multi-lived
a: End Transformation, Renounce Religion, Potion Petition, Call Merchant, Bribe
Branch


You were on level 3 of the Dungeon.
You worshipped Gozag.
Gozag was noncommittal.
You had temporarily grown beastly horns.
You visited 1 branch of the dungeon, and saw 3 of its levels.

You collected 85 gold pieces.
You paid 16 gold pieces to Gozag.

Inventory:

Jewellery
 a - a ring of protection from cold (left paw)
 c - a ring of flight (right paw)
Scrolls
 g - a scroll of identify {unknown}
Potions
 b - a potion of curing {unknown}
 d - 2 potions of lignification {unknown}
 e - a potion of mutation {unknown}
 f - a potion of degeneration {unknown}


   Skills:
 - Level 1.0 Fighting
 - Level 2.6 Dodging
 * Level 4.1 Unarmed Combat
 - Level 2.0 Spellcasting
 + Level 3.0 Transmutations


You had 5 spell levels left.
You knew the following spells:

 Your Spells              Type           Power      Damage    Failure   Level
B - Beastly Appendage     Tmut           20%        N/A       6%          1

Your spell library contained the following spells:

 Spells                   Type           Power      Damage    Failure   Level
 Wereblood                Tmut           10%        N/A       10%         2
 Blink                    Tloc           N/A        N/A       32%         2
 Corpse Rot               Necr/Air       N/A        N/A       32%         2
 Spider Form              Tmut/Pois      3%         N/A       34%         3
 Inner Flame              Hex/Fire       1%         N/A       54%         3
 Ice Form                 Ice/Tmut       6%         N/A       75%         4
 Cause Fear               Hex            0%         N/A       91%         4
 Dispel Undead            Necr           1%         3d6       91%         4
 Manifold Assault         Tloc           1%         N/A       99%         5
 Death Channel            Necr           0%         N/A       100%        6
 Storm Form               Tmut/Air       3%         N/A       100%        7
 Discord                  Hex            0%         N/A       100%        8


Dungeon Overview and Level Annotations

Branches:
Dungeon (3/15)

Altars:
Gozag

Annotations:
D:3 Sigmund


Innate Abilities, Weirdness & Mutations

You have temporarily grown beastly horns.
You have sharp claws.
You have razor-sharp teeth.
You have supernaturally acute eyesight. (SInv)
You cover ground quickly. (Speed+)
You are covered in fur. (AC +1)
Your paws help you pounce on unaware monsters.
You are incapable of wielding weapons or throwing items.
You cannot wear armour.
You gain extra lives every three experience levels.


Message History

You kill the hobgoblin!
Your transformation is almost over.
You now have 69 gold pieces (gained 8).
Your horns disappear.
There is an escape hatch in the floor here.
Found a stone staircase leading up.
Done exploring.
Done exploring.
There is an escape hatch in the floor here.
Things that are here:
a +0 dagger; 2 stones
There is a stone staircase leading down here.
Search for what [Enter for "."]? .
You fly downwards.
Found a scroll labelled XISESH PAUGA.
There is a stone staircase leading up here.
You fly upwards.
There is a stone staircase leading down here.
Done exploring.
Done exploring.
Things that are here:
2 stones; a +0 dagger You see here a ball python skeleton.
There is a stone staircase leading down here.
Okay, then.
You fly downwards.
Level annotation: Sigmund The kobold shouts!
Found a sedimented inky potion.
Found a stone staircase leading down.
There is a stone staircase leading up here.
Casting: Beastly Appendage (safe; 6% risk of failure)
Confirm with . or Enter, or press ? or * to list all spells.
You grow a pair of large bovine horns.
The kobold hits you with a +0 whip.
You barely miss the kobold. The kobold hits you with a +0 whip.
You scratch the kobold. Your headbutt misses the kobold.
The kobold is moderately wounded.
The kobold hits you with a +0 whip.
You die...
Your body crumbles into a pile of gold.

$ #########
#K@<....#
#..........###
######.........
#.....####
#..!..# #....>#
#.....# #.....#


You could see a kobold.

Vanquished Creatures
  A worm (D:2)
  A dart slug (D:1)
  A bat (D:1)
  3 endoplasms
  2 giant cockroaches
  4 goblins (D:1)
  5 hobgoblins
  3 jackals (D:1)
  3 kobolds
  3 quokkas
  4 ball pythons
  3 frilled lizards
  3 rats (D:1)
36 creatures vanquished.

Notes
Turn   | Place    | Note
-------+----------+-------------------------------------------
     0 | D:1      | grimtooth the Felid Transmuter began the quest for the Orb.
     0 | D:1      | Reached XP level 1. HP: 9/9 MP: 4/4
   237 | D:1      | Reached XP level 2. HP: 8/12 MP: 4/6
   660 | D:1      | Reached XP level 3. HP: 14/15 MP: 5/7
   965 | D:2      | Reached skill level 4 in Unarmed Combat
  1358 | D:2      | Found an opulent altar of Gozag.
  1385 | D:2      | Became a worshipper of Gozag Ym Sagoz the Greedy
  1538 | D:3      | Noticed Sigmund
  1585 | D:3      | Slain by a kobold

Illustrated notes

Levels and vault maps discovered:
D:1:      minmay_arrival_open_corners, layout_rooms, st_stairs_1
D:2:      layout_loops_ring, basic_altar
D:3:      layout_rooms, nicolae_elyvilon_peaceful_grove, ebering_ghost_sewer_f,
          dk_noncrumbling_4, uniq_ijyb, uniq_sigmund

Skill      XL: |  1  2  3 |
---------------+----------+-----
Unarmed Combat | 4 |  4.1
Transmutations | 3 |  3.0
Fighting       | |  1.0
Dodging        | |  2.6
Spellcasting   | |  2.0

Action                   || total
-------------------------++-------
Melee: Unarmed           ||    72
       Headbutt          ||     9
       Bite              ||     5
       Punch             ||     2
 Cast: Beastly Appendage ||    29
 Stab: Sleeping          ||     2
Armor: Skin              ||     6
Dodge: Dodged            ||    26
